 Dungeon Crawl Stone Soup version 0.28.0-45-g0d030f2227 (webtiles) character file.

Game seed: 9490266348339191104

158 Faeu the Covered (level 5, -7/47 HPs)
             Began as a Minotaur Fighter on Apr 3, 2022.
             Mangled by a wyvern (8 damage)
             ... on level 4 of the Dungeon.
             The game lasted 00:07:35 (3755 turns).

Faeu the Covered (Minotaur Fighter)                 Turns: 3755, Time: 00:07:35

Health: -7/47      AC: 12    Str: 23    XL:     5   Next: 16%
Magic:  1/1        EV:  6    Int:  5    God:
Gold:   185        SH:  4    Dex:  9    Spells: 4/4 levels left

rFire   . . .      SeeInvis .   u - +2 hand axe (antimagic) {axe}
rCold   . . .      Faith    .   c - +0 buckler
rNeg    . . .      Spirit   .   h - +0 plate armour
rPois   .          Reflect  .   (helmet restricted)
rElec   .          Harm     .   (no cloak)
rCorr   .          Rampage  .   (no gloves)
Will    .....                   (no boots)
Stlth   ..........              (no amulet)
HPRegen 0.15/turn               (no ring)
MPRegen 0.07/turn               (no ring)

@: no status effects
A: horns 2, retaliatory headbutt
a: no special abilities


You were on level 4 of the Dungeon.
You visited 1 branch of the dungeon, and saw 4 of its levels.

You collected 185 gold pieces.


Innate Abilities, Weirdness & Mutations

You have a pair of horns on your head.
You reflexively headbutt those who attack you in melee.


   Skills:
 + Level 4.3 Fighting
 + Level 3.4 Axes
 + Level 1.7 Throwing
 + Level 4.5 Armour
 + Level 2.0 Dodging
 + Level 4.2 Shields


You had 4 spell levels left.
You didn't know any spells.
Your spell library was empty.

Inventory:

Hand Weapons
 a - a +0 war axe {axe}
 k - a +1 whip of electrocution {mace}
   (You found it on level 1 of the Dungeon)
 s - the +7 dagger of Ozoo {protect, Str+4 SInv, short}
   (You found it on level 4 of the Dungeon)

   It grants its wielder temporary protection when it strikes (+7 to AC).
   Str:       It affects your strength (+4).
   SInv:      It lets you see invisible.
 u - a +2 antimagic hand axe (weapon) {axe}
   (You took it off an orc on level 4 of the Dungeon)
 v - a +0 war axe {axe}
   (You took it off an orc on level 4 of the Dungeon)
Missiles
 l - 5 boomerangs (quivered) {throwing}
Armour
 b - a +0 scale mail
 c - a +0 buckler (worn)
 h - a +0 plate armour (worn)
   (You found it on level 1 of the Dungeon)
Scrolls
 e - 2 scrolls of identify {unknown}
 f - 10 scrolls of teleportation {unknown}
 g - a scroll of holy word {unknown}
 i - 3 scrolls of blinking {unknown}
 j - 4 scrolls of immolation {unknown}
 o - a scroll of noise {unknown}
 t - a scroll of enchant armour {unknown}
Potions
 d - 3 potions of might
 m - a potion of brilliance {unknown}
 n - 3 potions of curing {unknown}
 p - a potion of berserk rage {unknown}
 q - a potion of heal wounds {unknown}
 r - a potion of mutation {unknown}

Dungeon Overview and Level Annotations

Branches:
Dungeon (4/15)
 Temple: D:4-7

Altars:
Ashenzari

Shops:
D:3

= ### #.##
#########.####
###......###...# ####
##.............>###....
#......@............###.
#.....l...............#.
#.......................
#.......................
##......................
#......................
#......................
#......................
#.....................


You could see a wyvern.


Message History

You lost 1 mp, and now have 3/4 mp.
You hit the orc.
Your weapon exudes an aura of protection.
The orc hits you but does no damage. The orc closely misses you.
You furiously retaliate!
You headbutt the orc!
You kill the orc!
You puncture the orc!
You kill the orc!
An orc comes into view. It is wielding a +0 dagger.
You hit the orc. You block the orc's attack.
You closely miss the orc. You headbutt the orc.
You kill the orc!
You hit the orc. The orc barely misses you. 😕 HP[+1]
You hit the orc. Your headbutt misses the orc.
The orc hits you with a +0 flail. 😕 HP[-2]
You take 2 damage, and now have 42/47 hp.
You puncture the orc!
You kill the orc!
You hit the orc but do no damage. Your headbutt misses the orc.
You block the orc's attack.
You hit the orc. The orc hits you but does no damage.
You puncture the orc!
You kill the orc!
Items here: )))) [[[ †. 😕 HP[+1] MP[+1]
Your mp is fully restored (4).
u - a +2 antimagic hand axe {axe}
Things that are here:
a +0 war axe {axe}; an orc corpse
Things that are here:
a +0 war axe {axe}; an orc corpse
Items here: ))) [[[ †. 😕 HP[+1]
Things that are here:
a +0 war axe {axe}; an orc corpse
v - a +0 war axe {axe}
Things that are here:
a +0 club {mace}; a kobold corpse The +7 dagger of Ozoo {protect, Str+4 SInv, short} goes still.
You feel magic leave you.
u - a +2 antimagic hand axe (weapon)
{axe} 😕 MP[-3] 😕 HP[+1]
A ball python comes into view.
The ball python hisses angrily. 😎 HP[+2]
You block the ball python's attack. The ball python barely misses you.
You barely miss the ball python.
The ball python bites you but does no damage.
The ball python grabs you. The ball python constricts you.
You closely miss the ball python. Your headbutt misses the ball python.
The ball python barely misses you. The ball python constricts you.
You slash the ball python!
You kill the ball python!
You see here a ball python corpse.
You see here 16 stones {throwing}.
e - 2 scrolls labelled XEURGH OTHRUSUVOI (gained 1)
You see here 16 stones {throwing}.
n - 3 black potions (gained 1)
You see here an orc corpse.
You now have 185 gold pieces (gained 10).
A wyvern comes into view.
The wyvern hisses menacingly.
The wyvern bites you! 😕 HP[-11]
You take 11 damage, and now have 36/47 hp.
MASSIVE DAMAGE!! (PAUSE)
You hit the wyvern but do no damage. Your headbutt misses the wyvern.
The wyvern bites you! The wyvern bites you. 😮 HP[-8]
You take 8 damage, and now have 28/47 hp.
You slash the wyvern! Your headbutt misses the wyvern.
You block the wyvern's attack.
You hit the wyvern. Your headbutt misses the wyvern. The wyvern bites you!
* * * LOW HITPOINT WARNING * * *
The wyvern bites you.
* * * LOW HITPOINT WARNING * * *
😨 HP[-15]
You take 15 damage, and now have 13/47 hp.
MASSIVE DAMAGE!! (PAUSE)
You hit the wyvern but do no damage. You headbutt the wyvern.
The wyvern bites you!
* * * LOW HITPOINT WARNING * * *
The wyvern barely misses you. 😱 HP[-8]
You take 8 damage, and now have 5/47 hp.
You hit the wyvern. You block the wyvern's attack.
You hit the wyvern. The wyvern barely misses you.
The wyvern bites you but does no damage.
You barely miss the wyvern.
The wyvern bites you but does no damage.
The wyvern bites you.
* * * LOW HITPOINT WARNING * * *
😱 HP[-4]
You take 4 damage, and now have 1/47 hp.
You hit the wyvern. The wyvern bites you!
You die...

Skill      XL: |  1  2  3  4  5 |
---------------+----------------+-----
Throwing       | 1 |  1.7
Dodging        | 1 2 |  2.0
Armour         | 4 |  4.5
Fighting       | 4 |  4.3
Axes           | 3 |  3.4
Shields        | 4 |  4.2

Action                   |  1- 3 |  4- 6 || total
-------------------------+-------+-------++-------
Melee: War axe           |   101 |    65 ||   166
       Headbutt          |     3 |     9 ||    12
       Dagger            |       |    19 ||    19
       Hand axe          |       |    11 ||    11
Armor: Scale mail        |     8 |       ||     8
       Plate armour      |    66 |    56 ||   122
Dodge: Dodged            |    29 |    30 ||    59
Block: Buckler           |    28 |    25 ||    53

Levels and vault maps discovered:
D:1:      dpeg_arrival_water_fire, layout_rooms,
          hellmonk_ecumenical_altar_inner_sanctum, grunt_decor_arrowhead
D:2:      minmay_wonky_spiral, layout_basic, minmay_splitting_lines
D:3:      layout_basic, nicolae_ashenzari_skybound, serial_shops, shop,
          interstate_on_off
D:4:      layout_layer_cave

Notes
Turn   | Place    | Note
-------+----------+-------------------------------------------
     0 | D:1      | Faeu the Minotaur Fighter began the quest for the Orb.
     0 | D:1      | Reached XP level 1. HP: 19/19 MP: 0/0
     0 | D:1      | magus.rc [v1.9.6]
   183 | D:1      | Reached XP level 2. HP: 27/27 MP: 1/1
   280 | D:1      | Found a faded altar of an unknown god.
   549 | D:1      | Reached skill level 1 in Throwing
   549 | D:1      | Reached skill level 1 in Dodging
   560 | D:1      | Reached skill level 4 in Armour
   588 | D:1      | Reached XP level 3. HP: 33/33 MP: 2/2
   993 | D:2      | Reached skill level 4 in Fighting
  1228 | D:2      | Reached skill level 3 in Axes
  1421 | D:2      | Reached skill level 4 in Shields
  1536 | D:2      | Reached XP level 4. HP: 40/40 MP: 3/3
  2023 | D:3      | Found a broken altar of Ashenzari.
  2577 | D:3      | Found Ichusor's Jewellery Emporium.
  3057 | D:4      | Reached XP level 5. HP: 23/46 MP: 4/4
  3067 | D:4      | Identified the +7 dagger of Ozoo {protect, Str+4 SInv}
  3248 | D:4      | Reached skill level 2 in Dodging
  3745 | D:4      | Noticed a wyvern
  3751 | D:4      | HP: 5/47 [wyvern (8)]
  3754 | D:4      | HP: 1/47 [wyvern (5)]
  3755 | D:4      | Mangled by a wyvern

Vanquished Creatures
  9 adders
  A dart slug (D:2)
  5 orcs (D:4)
  7 ball pythons
  3 endoplasms
  2 giant cockroaches (D:1)
  8 hobgoblins
  10 kobolds
  5 quokkas
  5 bats (D:1)
  2 frilled lizards (D:1)
  8 goblins
  A jackal skeleton (D:4)
  8 rats
74 creatures vanquished.

Table legend:
 A = Non-vault XP
 B = Vault XP
 C = Vault XP percentage of total XP
 D = Non-vault monster count
 E = Vault monster count
 F = Vault count percentage of total count
                 A         B        C        D         E       F
            +---------+---------+-------+---------+---------+-------
      Total |     223 |       4 |   1.8 |      71 |       3 |   4.1
            +---------+---------+-------+---------+---------+-------
        D:1 |      41 |       0 |   0.0 |      28 |       0 |   0.0
        D:2 |      57 |       4 |   6.6 |      20 |       3 |  13.0
        D:3 |      77 |       0 |   0.0 |      10 |       0 |   0.0
        D:4 |      48 |       0 |   0.0 |      13 |       0 |   0.0
            +---------+---------+-------+---------+---------+-------

Illustrated notes

Table legend:
 A = Kills in this place as a percentage of kills in entire the game.
 B = Kills by you in this place as a percentage of kills by you in the entire game.
 C = Kills by friends in this place as a percentage of kills by friends in the entire game.
 D = Other kills in this place as a percentage of other kills in the entire game.
 E = Experience gained in this place as a percentage of experience gained in the entire game.
 F = Experience gained in this place divided by the number of levels of this place that you have seen.
                   A       B       C       D       E      F
               +-------+-------+-------+-------+-------+----------------------
         Total | 100.0 | 100.0 |   N/A |   N/A | 100.0 |  56.8
       Dungeon | 100.0 | 100.0 |   N/A |   N/A | 100.0 |  56.8
               +-------+-------+-------+-------+-------+----------------------

Table legend: (Time is in decaauts)
 A = Elapsed time spent in this place.
 B = Non-inter-level travel time spent in this place.
 C = Inter-level travel time spent in this place.
 D = Time resting spent in this place.
 E = Time spent auto-exploring this place.
 F = Levels seen in this place.
 G = Mean time per level.
                   A        B        C        D        E       F      G
               +--------+--------+--------+--------+--------+-----+--------+
         Total |   3823 |   3739 |     84 |    229 |   2697 |   4 |  955.8 |
       Dungeon |   3823 |   3739 |     84 |    229 |   2697 |   4 |  955.8 |
               +--------+--------+--------+--------+--------+-----+--------+

Top non-repeatable levels by time:
     D:2: 1178 daAuts
     D:3: 1071 daAuts
     D:4: 801 daAuts
     D:1: 772 daAuts
